 Dungeon Crawl Stone Soup version 0.23-a0-814-g91b4073 (webtiles) character file.

7 tidbits the Transmogrifier (level 2, -3/19 HPs)
             Began as a Gnoll Wanderer on Jan 21, 2019.
             Slain by a goblin
             ... wielding a +0 club
              (6 damage)
             ... on level 1 of the Dungeon.
             The game lasted 00:01:27 (108 turns).

tidbits the Transmogrifier (Gnoll Wanderer)          Turns: 108, Time: 00:01:28

Health: -3/19      AC:  3    Str: 16    XL:     2   Next: 0%
Magic:  3/3        EV: 11    Int: 15    God:
Gold:   22         SH:  0    Dex: 11    Spells: 1/1 levels left

rFire    . . .     SeeInvis .   a - +0 club
rCold    . . .     Gourm    .   (no shield)
rNeg     . . .     Faith    .   B - +0 robe
rPois    .         Spirit   .   E - +0 helmet
rElec    .         Reflect  .   (no cloak)
rCorr    .         Harm     .   (no gloves)
MR       .....                  (no boots)
Stlth    ++........             (no amulet)
HPRegen  0.06/turn              (no ring)
MPRegen  0.08/turn              (no ring)

@: no status effects
A: distributed training, fangs 1, strong nose
a: no special abilities


You were on level 1 of the Dungeon.
You were not hungry.

You visited 1 branch of the dungeon, and saw 1 of its levels.

You collected 22 gold pieces.

Inventory:

Hand Weapons
 a - a +0 club (weapon)
Missiles
 b - 14 sling bullets
Armour
 B - a +0 robe (worn)
 E - a +0 helmet (worn)
Scrolls
 c - 2 scrolls of teleportation
Comestibles
 f - 2 rations


   Skills:
 + Level 0.2 Fighting
 + Level 0.2 Short Blades
 + Level 0.2 Long Blades
 + Level 0.2 Axes
 + Level 0.2 Maces & Flails
 + Level 0.2 Polearms
 + Level 0.2 Staves
 + Level 0.2 Slings
 + Level 0.2 Bows
 + Level 0.2 Crossbows
 + Level 0.2 Throwing
 + Level 0.2 Armour
 + Level 0.2 Dodging
 + Level 2.2 Stealth
 + Level 0.2 Shields
 + Level 0.2 Unarmed Combat
 + Level 0.2 Spellcasting
 + Level 0.1 Conjurations
 + Level 0.1 Hexes
 + Level 0.1 Charms
 + Level 0.1 Summonings
 + Level 3.6 Necromancy
 + Level 0.1 Translocations
 + Level 10.2 Transmutations
 + Level 0.1 Fire Magic
 + Level 0.1 Ice Magic
 + Level 0.1 Air Magic
 + Level 0.1 Earth Magic
 + Level 0.1 Poison Magic
 + Level 0.3 Invocations
 + Level 2.4 Evocations


You had one spell level left.
You didn't know any spells.
Your spell library contained the following spells:

 Spells                   Type           Power        Failure   Level  Hunger
 Flame Tongue             Conj/Fire      #....        26%         1    ##.....
 Sandblast                Erth           #.....       26%         1    ##.....
 Passwall                 Tmut/Erth      ###.....     4%          2    ###....
 Petrify                  Tmut/Erth      ###.....     30%         4    #####..
 Conjure Flame            Conj/Fire      #.......     58%         3    ####...
 Stone Arrow              Conj/Erth      #.....       58%         3    ####...
 Lee's Rapid Deconstruct  Erth           #.........   100%        5    ######.


Dungeon Overview and Level Annotations

Branches:
Dungeon (1/15)

Altars:


Innate Abilities, Weirdness & Mutations

Your experience applies equally to all skills.
You have very sharp teeth.
Your uncanny sense of smell can sniff out nearby items.


Message History

f - 2 rations (gained 1)
A rat comes into view.
The rat bites you but does no damage.
You hit the rat.
You kill the rat!
Found 4 gold pieces.
Unknown command.
A frilled lizard comes into view.
The frilled lizard hisses angrily.
A rat comes into view.
Found a scroll of teleportation.
You closely miss the frilled lizard. The frilled lizard closely misses you.
You completely miss the frilled lizard. The frilled lizard barely misses you.
You hit the frilled lizard.
You kill the frilled lizard!
Found 14 sling bullets.
You see here 4 gold pieces.
You now have 11 gold pieces (gained 4).
Okay, then.
You see here a scroll of teleportation.
c - 2 scrolls of teleportation (gained 1)
You see here 14 sling bullets.
b - 14 sling bullets You barely miss the rat.
You bite the rat, but do no damage. The rat bites you.
You closely miss the rat. The rat bites you but does no damage.
You hit the rat.
You kill the rat!
Found 11 gold pieces.
Unknown command.
A bat comes into view.
The bat hits you but does no damage.
You hit the bat but do no damage. The bat barely misses you.
The bat hits you but does no damage. x2
You hit the bat but do no damage. The bat hits you. The bat barely misses you.
The bat misses you.
You miss the bat. The bat closely misses you. The bat barely misses you.
You hit the bat.
The bat is moderately wounded.
The bat barely misses you. The bat barely misses you.
You see here 11 gold pieces.
You hit the bat but do no damage. The bat hits you.
You now have 22 gold pieces (gained 11).
The bat closely misses you. The bat closely misses you.
You hit the bat.
The bat is severely wounded.
The bat misses you.
You hit the bat.
You kill the bat!
You see here a bat corpse.
A rat comes into view.
Unknown command.
You hit the rat.
You kill the rat!
A kobold comes into view.
Unknown command.
Unknown command.
The helpless kobold fails to defend itself.
You hit the kobold. Your bite misses the kobold.
The kobold is heavily wounded.
The kobold misses you.
You hit the kobold but do no damage.
The kobold is heavily wounded.
The kobold hits you. x2
You barely miss the kobold. Your bite misses the kobold.
The kobold is heavily wounded.
The kobold barely misses you.
You barely miss the kobold.
The kobold is heavily wounded.
The kobold hits you.
* * * LOW HITPOINT WARNING * * *
You hit the kobold.
You kill the kobold!
A hobgoblin comes into view. It is wielding a +0 club.
The hobgoblin shouts!
You hear a shout!
A goblin comes into view. It is wielding a +0 club.
Unknown command.
You closely miss the hobgoblin. You bite the hobgoblin.
The hobgoblin is moderately wounded.
The hobgoblin barely misses you. The hobgoblin closely misses you.
You closely miss the hobgoblin.
You bite the hobgoblin, but do no damage.
The hobgoblin is moderately wounded.
The hobgoblin completely misses you.
You hit the hobgoblin.
The hobgoblin is almost dead.
The hobgoblin hits you with a +0 club.
* * * LOW HITPOINT WARNING * * *
You hit the hobgoblin but do no damage.
The hobgoblin is almost dead.
The hobgoblin closely misses you.
You hit the hobgoblin.
You kill the hobgoblin!
You have reached level 2!
You barely miss the goblin. The goblin hits you but does no damage.
You closely miss the goblin. Your bite misses the goblin.
The goblin hits you with a +0 club.
You die...

### ##############
##.####
.............#
#.....†
##.##.......#
##.####
#.####..#####.####
#.# #............
#.# #..####......
#@# #..# #.#####
#g# #.(# #.# ...
#..# #.# .....
...# #.#
.........## #.#
####..##### #.#
#..# ## #...∆ .
#.#####


You could see a goblin.

Vanquished Creatures
  A bat (D:1)
  A hobgoblin (D:1)
  A kobold (D:1)
  A frilled lizard (D:1)
  3 rats (D:1)
7 creatures vanquished.

Notes
Turn   | Place    | Note
-------+----------+-------------------------------------------
     0 | D:1      | Reached skill level 10 in Transmutations
     0 | D:1      | tidbits the Gnoll Wanderer began the quest for the Orb.
     0 | D:1      | tidbits set off with the following items: a scroll of
                  | teleportation, a +0 robe, a +0 club, a ration; and the
                  | following spells available to memorise: Passwall, Flame
                  | Tongue, Sandblast, Petrify, Conjure Flame, Stone Arrow,
                  | Lee's Rapid Deconstruction
     0 | D:1      | Reached XP level 1. HP: 13/13 MP: 2/2
   106 | D:1      | Reached XP level 2. HP: 3/19 MP: 3/3
   108 | D:1      | Slain by a goblin

Vault maps used:
D:1:      dpeg_arrival_orchard

Skill      XL: | |
---------------+-+-----
Transmutations | | 10.2
Fighting       | |  0.2
Short Blades   | |  0.2
Long Blades    | |  0.2
Axes           | |  0.2
Maces & Flails | |  0.2
Polearms       | |  0.2
Staves         | |  0.2
Slings         | |  0.2
Bows           | |  0.2
Crossbows      | |  0.2
Throwing       | |  0.2
Armour         | |  0.2
Dodging        | |  0.2
Stealth        | |  2.2
Shields        | |  0.2
Unarmed Combat | |  0.2
Spellcasting   | |  0.2
Conjurations   | |  0.1
Hexes          | |  0.1
Charms         | |  0.1
Summonings     | |  0.1
Necromancy     | |  3.6
Translocations | |  0.1
Fire Magic     | |  0.1
Ice Magic      | |  0.1
Air Magic      | |  0.1
Earth Magic    | |  0.1
Poison Magic   | |  0.1
Invocations    | |  0.3
Evocations     | |  2.4

Action                   || total
-------------------------++-------
Melee: Club              ||    27
       Bite              ||     3
 Stab: Sleeping          ||     1
Armor: Robe              ||     6
Dodge: Dodged            ||    18

Table legend:
 A = Non-vault XP
 B = Vault XP
 C = Vault XP percentage of total XP
 D = Non-vault monster count
 E = Vault monster count
 F = Vault count percentage of total count
                 A         B        C        D         E       F
            +---------+---------+-------+---------+---------+-------
      Total |      10 |       0 |   0.0 |       7 |       0 |   0.0
            +---------+---------+-------+---------+---------+-------
        D:1 |      10 |       0 |   0.0 |       7 |       0 |   0.0
            +---------+---------+-------+---------+---------+-------

Table legend:
 A = Turns spent in this place as a percentage of turns spent in the entire game.
 B = Non-inter-level travel turns spent in this place as a percentage of non-inter-level travel turns spent in the entire game.
 C = Inter-level travel turns spent in this place as a percentage of turns spent in this place.
 D = Turns resting spent in this place as a percentage of non-inter-level travel turns spent in this place.
 E = Turns spent auto-exploring this place as a percentage of non-inter-level travel turns spent in this place.
 F = Non-inter-level travel turns spent in this place divided by the number of levels of this place that you've seen.
                   A       B       C       D       E      F
               +-------+-------+-------+-------+-------+----------------------
         Total | 100.0 | 100.0 |   0.0 |   0.0 |   0.0 | 108.0
       Dungeon | 100.0 | 100.0 |   0.0 |   0.0 |   0.0 | 108.0
               +-------+-------+-------+-------+-------+----------------------

Table legend:
 A = Kills in this place as a percentage of kills in entire the game.
 B = Kills by you in this place as a percentage of kills by you in the entire game.
 C = Kills by friends in this place as a percentage of kills by friends in the entire game.
 D = Other kills in this place as a percentage of other kills in the entire game.
 E = Experience gained in this place as a percentage of experience gained in the entire game.
 F = Experience gained in this place divided by the number of levels of this place that you have seen.
                   A       B       C       D       E      F
               +-------+-------+-------+-------+-------+----------------------
         Total | 100.0 | 100.0 |   N/A |   N/A | 100.0 |  10.0
       Dungeon | 100.0 | 100.0 |   N/A |   N/A | 100.0 |  10.0
               +-------+-------+-------+-------+-------+----------------------

Vault maps used:
D:1:      dpeg_arrival_orchard
